 Dungeon Crawl Stone Soup version 0.26-a0-639-g72c4674329 (webtiles) character file.

Game seed: 14149985672348740181

1234 Flugslaktarn the Skirmisher (level 8, -2/65 HPs)
             Began as a Formicid Fighter on Sept 21, 2020.
             Was an Initiate of Okawaru.
             Slain by a gnoll
             ... wielding a +0 whip
              (5 damage)
             ... on level 6 of the Dungeon.
             The game lasted 00:02:02 (4162 turns).

Flugslaktarn the Skirmisher (Formicid Fighter)      Turns: 4162, Time: 00:02:03

Health: -2/65      AC:  9    Str: 23    XL:     8   Next: 77%
Magic:  9/9        EV:  7    Int:  8    God:    Okawaru [......]
Gold:   310        SH: 10    Dex: 10    Spells: 7/7 levels left

rFire    . . .     SeeInvis +   a - +0 war axe
rCold    . . .     Faith    .   c - +0 kite shield
rNeg     . . .     Spirit   .   m - +0 chain mail
rPois    .         Reflect  .   (helmet unavailable)
rElec    .         Harm     .   (no cloak)
rCorr    .         Rampage  .   (no gloves)
MR       .....                  (no boots)
Stlth    ..........             (no amulet)
HPRegen  0.20/turn              (no ring)
MPRegen  0.11/turn              (no ring)

@: mighty
A: permanent stasis, dig shafts and tunnels, four strong arms, antennae 3
a: Dig, Shaft Self, Renounce Religion


You were on level 6 of the Dungeon.
You worshipped Okawaru.
Okawaru was noncommittal.
You visited 2 branches of the dungeon, and saw 7 of its levels.

You collected 310 gold pieces.

Inventory:

Hand Weapons
 a - a +0 war axe (weapon)
Armour
 c - a +0 kite shield (worn)
 m - a +0 chain mail (worn)
   (You found it on level 3 of the Dungeon)
Jewellery
 o - an uncursed amulet of magic regeneration {unknown}
   (You found it on level 5 of the Dungeon)
Wands
 f - a wand of acid (7)
   (You found it on level 3 of the Dungeon)
 k - a wand of enslavement (10)
   (You found it on level 5 of the Dungeon)
Scrolls
 h - a scroll of immolation
 i - 2 scrolls of fear {unknown}
 j - a scroll of fog
 l - a scroll of blinking {unknown}
 x - 4 scrolls of remove curse
Potions
 b - a potion of haste {unknown}
 e - 2 potions of flight {unknown}
 g - 2 potions of degeneration {unknown}
 n - a potion of resistance


   Skills:
 * Level 6.9 Fighting
 * Level 5.7 Axes
 + Level 5.3 Armour
 + Level 1.5 Dodging
 + Level 5.8 Shields
 + Level 2.1 Invocations


You had 7 spell levels left.
You didn't know any spells.
Your spell library was empty.

Dungeon Overview and Level Annotations

Branches:
Dungeon (6/15)             Temple (1/1) D:4

Altars:
Ashenzari
Cheibriados
Dithmenos
Elyvilon
Gozag
Hepliaklqana
Makhleb
Nemelex Xobeh
Okawaru
Qazlal
Ru
Sif Muna
Trog
Uskayaw
Wu Jian
Xom
Yredelemnul


Innate Abilities, Weirdness & Mutations

You cannot be hasted, slowed, berserked, paralysed or teleported.
You can dig through walls and to a lower floor.
Your four strong arms can wield two-handed weapons with a shield.
You have a pair of large antennae on your head. (SInv)


Message History

Okawaru accepts your kill.
Your Invocations skill increases to level 2!
The gnoll hits you from afar with a +0 halberd!
* * * LOW HITPOINT WARNING * * *
You are too injured to fight recklessly!
The gnoll hits you with a +0 halberd.
* * * LOW HITPOINT WARNING * * *
You see here a scorpion corpse.
You are too injured to fight recklessly!
You slice the gnoll!!
You kill the gnoll!
Okawaru accepts your kill. The gnoll hits you with a +0 whip.
* * * LOW HITPOINT WARNING * * *
You are too injured to fight recklessly!
Your chain mail prevents you from hitting the gnoll.
You block the gnoll's attack.
You are too injured to fight recklessly!
You barely miss the gnoll. The gnoll hits you with a +0 whip.
You die...

#Z##.#. #......
....... #.#.#.
##....o
#..#.#.############
#.....)#og@........
... #oo###..##...
##.###.# ..#
#.#..<#..# ....
#.....#.# ..#..
##...##.# .......
#...##.. .......
#...##### ..#. ..
#...#


You could see a gnoll and 3 orcs.

Vanquished Creatures
  Sigmund (D:3)
  An ice beast (D:6)
  A sky beast (D:5)
  2 ogres
  A centaur (D:5)
  4 scorpions
  2 howler monkeys
  A hound (D:4)
  An orc wizard (D:3)
  4 worker ants
  A hound skeleton (D:5)
  8 adders
  6 gnolls
  3 ufetubi (D:5)
  An adder zombie (D:5)
  2 worms (D:2)
  3 dart slugs
  A leopard gecko (D:3)
  8 orcs
  A ball python (D:4)
  7 bats
  2 giant cockroaches
  8 goblins
  4 hobgoblins
  A quokka (D:3)
  2 frilled lizards (D:3)
  A giant cockroach zombie (D:5)
  5 kobolds
  8 rats
90 creatures vanquished.

Vanquished Creatures (others)
  A plant (D:3)
1 creature vanquished.

Grand Total: 91 creatures vanquished

Notes
Turn   | Place    | Note
-------+----------+-------------------------------------------
     0 | D:1      | Flugslaktarn the Formicid Fighter began the quest for the
                  | Orb.
     0 | D:1      | Reached XP level 1. HP: 18/18 MP: 1/1
   117 | D:1      | Reached XP level 2. HP: 18/24 MP: 2/2
   244 | D:2      | Noticed a howler monkey
   256 | D:2      | Killed a howler monkey
   256 | D:2      | Reached XP level 3. HP: 15/30 MP: 3/3
   514 | D:2      | Reached skill level 4 in Fighting
   519 | D:2      | Reached XP level 4. HP: 31/37 MP: 4/4
   764 | D:3      | Noticed Sigmund
  1469 | D:3      | Reached XP level 5. HP: 41/43 MP: 5/5
  1904 | D:3      | Reached XP level 6. HP: 39/50 MP: 6/6
  1924 | D:3      | Killed Sigmund
  1924 | D:3      | Reached skill level 5 in Fighting
  1924 | D:3      | Reached XP level 7. HP: 15/56 MP: 0/7
  2215 | D:4      | Reached skill level 5 in Shields
  2770 | D:4      | Reached skill level 6 in Fighting
  2843 | D:4      | Reached skill level 5 in Axes
  2972 | D:4      | Found a staircase to the Ecumenical Temple.
  3079 | Temple   | Entered the Ecumenical Temple
  3239 | Temple   | Became a worshipper of Warmaster Okawaru
  3253 | D:5      | Entered Level 5 of the Dungeon
  3276 | D:5      | Reached XP level 8. HP: 37/64 MP: 8/8
  3280 | D:5      | Reached skill level 5 in Armour
  3280 | D:5      | Reached skill level 1 in Invocations
  3674 | D:5      | Reached skill level 1 in Dodging
  3935 | D:5      | Found a white marble altar of Elyvilon.
  4160 | D:6      | HP: 3/65 [gnoll/+0 whip (4)]
  4162 | D:6      | Slain by a gnoll

Illustrated notes

Levels and vault maps discovered:
D:1:      heliophobic_arrival_ceremonial_halls, layout_basic,
          minmay_heptomino_d4
D:2:      layout_loops_corners, minmay_statues_item
D:3:      lemuel_castle_with_subvaults [lemuel_castle_interior_original],
          layout_basic, uniq_sigmund
D:4:      layout_basic, minmay_temple_entry_mist
D:5:      layout_basic, kennysheep_mini, skrybe_limestone_x
D:6:      layout_loops_cross, serial_glass, glass_columns_a, glass_columns_a,
          grunt_qazlal_clouds
Temple:   nicolae_temple_elliptical

Skill      XL: |  1  2  3  4  5  6  7  8 |
---------------+-------------------------+-----
Fighting       | 4 5 6 |  6.9
Shields        | 4 5 |  5.8
Axes           | 3 4 5 |  5.7
Armour         | 4 5 |  5.3
Invocations    | 2 |  2.1
Dodging        | 1 |  1.5

Action                   |  1- 3 |  4- 6 |  7- 9 || total
-------------------------+-------+-------+-------++-------
Melee: War axe           |    49 |   145 |   158 ||   352
  Use: Scroll            |       |     6 |     2 ||     8
       Potion            |       |       |     4 ||     4
Armor: Scale mail        |    17 |    42 |       ||    59
       Chain mail        |       |    38 |   106 ||   144
Dodge: Dodged            |     9 |    45 |    59 ||   113
Block: Kite shield       |    27 |    98 |    90 ||   215

Table legend: (Time is in decaauts)
 A = Elapsed time spent in this place.
 B = Non-inter-level travel time spent in this place.
 C = Inter-level travel time spent in this place.
 D = Time resting spent in this place.
 E = Time spent auto-exploring this place.
 F = Levels seen in this place.
 G = Mean time per level.
                   A        B        C        D        E       F      G
               +--------+--------+--------+--------+--------+-----+--------+
         Total |   4289 |   4136 |    153 |    874 |   2498 |   7 |  612.7 |
       Dungeon |   4123 |   3993 |    130 |    874 |   2358 |   6 |  687.2 |
        Temple |    165 |    143 |     22 |      0 |    140 |   1 |  165.0 |
               +--------+--------+--------+--------+--------+-----+--------+

Top non-repeatable levels by time:
     D:2: 1153 daAuts
     D:4: 1115 daAuts
     D:5: 896 daAuts
     D:3: 665 daAuts
     D:1: 257 daAuts
  Temple: 165 daAuts
     D:6: 34 daAuts
